[Event "Titled Tuesday Blitz February 22 Early 2022"]
[White "Leiva, Gianmarco"]
[Black "Jumabayev, Rinat"]
[WhiteFideId "3804399"]
[BlackFideId "13702661"]
[WhiteElo "2328"]
[BlackElo "2561"]
[Result "0-1"]
[Round "08"]
[TimeControl "180+1"]
[Date "2022.02.22"]
[WhiteClock "0:00:02"]
[BlackClock "0:00:21"]

1. e4 e6 2. Nf3 d5 3. d3 c5 4. Nbd2 Nc6 5. g3 Bd6 6. Bg2 Nge7 7. O-O O-O 8. Re1 f6 9. c3 Bc7 10. a4 Kh8 11. Nb3 Bb6 12. Be3 d4 13. Bd2 e5 14. a5 Nxa5 15. Nxc5 dxc3 16. Bxc3 Nac6 17. b4 Bg4 18. h3 Bxf3 19. Bxf3 Nd4 20. Bg4 Bxc5 21. bxc5 Nec6 22. Qb1 Rf7 23. Qa2 Qf8 24. Qc4 Rd8 25. Kg2 Nc2 26. Reb1 Nxa1 27. Rxa1 Rc7 28. Bb2 a6 29. Ba3 Qe8 30. Rc1 Rd4 31. Qb3 Qd8 32. Rc3 Re7 33. Be6 Na5 34. Qa2 Rxd3 35. Rxd3 Qxd3 36. c6 Nxc6 37. Bxe7 Nxe7 38. Qa5 Qd6 39. Bc4 g6 40. Qa4 b5 41. Bxb5 axb5 42. Qxb5 Kg7 43. Qc4 Qc6 44. Qd3 Nc8 45. h4 Nd6 46. f3 h5 47. Kh3 Nb5 48. Qd8 Nd6 49. Qe7+ Nf7 50. Qa7 Qd6 51. Kh2 Qd2+ 52. Kh3 Qe2 53. Qa3 Qf2 54. Qb3 g5 55. hxg5 Nxg5+ 0-1


[Site "https://www.chess.com"]

[Event "Titled Tuesday Blitz February 22 Early 2022"]
[White "Liyanage, Ranindu Dilshan"]
[Black "Narayanan, Srinath"]
[WhiteFideId "9915834"]
[BlackFideId "5018420"]
[WhiteElo "2620"]
[BlackElo "2787"]
[Result "0-1"]
[Round "08"]
[TimeControl "180+1"]
[Date "2022.02.22"]
[WhiteClock "0:01:06"]
[BlackClock "0:00:50"]

1. e4 c5 2. Nf3 d6 3. d4 cxd4 4. Nxd4 Nf6 5. Nc3 Nc6 6. Bg5 e6 7. Qd3 Bd7 8. O-O-O a6 9. Be2 Rc8 10. Qg3 Qa5 11. Nb3 Qc7 12. Bf4 Ne5 13. Qe3 b5 14. a3 Nc4 15. Bxc4 bxc4 16. Nd2 Ng4 17. Qg3 Ne5 18. Be3 Qb7 19. Rde1 Rb8 20. Nd1 c3 21. Nb3 Nd3+ 22. Kb1 Nxe1 23. Rxe1 cxb2 24. Nxb2 h5 25. Nc4 Qxe4 26. Nb6 Rxb6 0-1


[Site "https://www.chess.com"]

[Event "Titled Tuesday Blitz February 22 Early 2022"]
[White "Ljukin, Sergei"]
[Black "Papp, Levente"]
[WhiteFideId "14102200"]
[BlackFideId "751243"]
[WhiteElo "2312"]
[BlackElo "2308"]
[Result "1-0"]
[Round "08"]
[TimeControl "180+1"]
[Date "2022.02.22"]
[WhiteClock "0:00:17"]
[BlackClock "0:00:14"]

1. e4 e6 2. d4 d5 3. Nc3 Bb4 4. e5 Ne7 5. a3 Bxc3+ 6. bxc3 b6 7. h4 Ba6 8. Bxa6 Nxa6 9. h5 h6 10. a4 c5 11. a5 b5 12. Nf3 Rc8 13. O-O Qc7 14. Qe2 c4 15. Ba3 Nb8 16. a6 Qc6 17. Bd6 Nxa6 18. Ra5 Nb8 19. Rxa7 Nd7 20. Rfa1 Qb6 21. R1a6 Qd8 22. Rb7 Nf5 23. Raa7 Nxd6 24. exd6 O-O 25. Rxd7 Qf6 26. Ne5 Ra8 27. Rxf7 Rxf7 28. Rxa8+ Rf8 29. Rxf8+ Qxf8 30. d7 Kh7 31. Qg4 Qd8 32. Qg6+ Kg8 33. Qe8+ 1-0


[Site "https://www.chess.com"]

[Event "Titled Tuesday Blitz February 22 Early 2022"]
[White "Lonoff, Marc"]
[Black "Piliczewski, Bogusz"]
[WhiteFideId "2001349"]
[BlackFideId "1104144"]
[WhiteElo "2237"]
[BlackElo "1896"]
[Result "1-0"]
[Round "08"]
[TimeControl "180+1"]
[Date "2022.02.22"]
[WhiteClock "0:00:04"]
[BlackClock "0:00:01"]

1. c4 c6 2. e4 d5 3. exd5 cxd5 4. cxd5 Nf6 5. Nc3 Nxd5 6. Bc4 Nb6 7. Bb3 Bf5 8. Qf3 Qd7 9. g4 Bg6 10. h4 f6 11. h5 Bd3 12. Rh3 Bc4 13. Bxc4 Nxc4 14. Rg3 Nc6 15. Nge2 e5 16. Qd5 O-O-O 17. Qxc4 Kb8 18. a3 Bd6 19. b4 e4 20. Re3 Rhe8 21. Bb2 f5 22. O-O-O g6 23. hxg6 hxg6 24. gxf5 gxf5 25. f4 exf3 26. Rxf3 Ne5 27. Qd5 Nxf3 28. Qxf3 Rc8 29. Kb1 Be5 30. d4 Bf6 31. Qd3 Re7 32. Rf1 Qe6 33. Qxf5 Qxf5+ 34. Rxf5 Bg7 35. d5 Bxc3 36. Nxc3 Re1+ 37. Ka2 Rh1 38. Rf2 Rd8 39. Rd2 Rh5 40. Kb3 a6 41. a4 b5 42. axb5 axb5 43. Nxb5 Kb7 44. Nc3 Kb6 45. d6 Kc6 46. Ne4 Rh4 47. Rc2+ Kd7 48. Nc5+ Kc6 49. Ne6+ Kd7 50. Nxd8 Kxd8 51. Rd2 Kd7 52. Bc3 Rh3 53. Rd4 Rh6 54. Kc4 Rxd6 55. b5 Rxd4+ 56. Bxd4 Kc7 57. Kc5 Kb7 58. Be5 Ka8 59. Kc6 Ka7 60. Kc7 Ka8 61. Bf6 Ka7 62. b6+ 1-0


[Site "https://www.chess.com"]

[Event "Titled Tuesday Blitz February 22 Early 2022"]
[White "Loy, Konstantin"]
[Black "Lauridsen, Jesper Morch"]
[WhiteFideId "14122499"]
[BlackFideId "1401890"]
[WhiteElo "2084"]
[BlackElo "2296"]
[Result "1-0"]
[Round "08"]
[TimeControl "180+1"]
[Date "2022.02.22"]
[WhiteClock "0:00:12"]
[BlackClock "0:00:04"]

1. e4 c5 2. Nf3 e6 3. d3 b6 4. g3 Bb7 5. Bg2 d6 6. O-O Nd7 7. c3 Ngf6 8. Re1 Be7 9. Nbd2 O-O 10. d4 cxd4 11. cxd4 e5 12. d5 Nc5 13. Bf1 Ba6 14. b4 Nd3 15. Bxd3 Bxd3 16. Qb3 Bb5 17. a4 Bd7 18. b5 Rc8 19. Ba3 Bg4 20. Rac1 Rxc1 21. Rxc1 Nd7 22. Kg2 f5 23. exf5 Rxf5 24. h3 Bxf3+ 25. Nxf3 Qf8 26. Rc2 Nc5 27. Bxc5 bxc5 28. Qe3 h6 29. a5 Qf7 30. Qe4 Bd8 31. Ra2 g5 32. Nh2 h5 33. Nf1 Bxa5 34. Ne3 Rf3 35. Qxf3 Qxf3+ 36. Kxf3 1-0


[Site "https://www.chess.com"]

[Event "Titled Tuesday Blitz February 22 Early 2022"]
[White "Makhnev, Denis"]
[Black "Kozak, Adam"]
[WhiteFideId "13707647"]
[BlackFideId "753246"]
[WhiteElo "2491"]
[BlackElo "2459"]
[Result "0-1"]
[Round "08"]
[TimeControl "180+1"]
[Date "2022.02.22"]
[WhiteClock "0:00:17"]
[BlackClock "0:01:22"]

1. d4 Nf6 2. c4 e6 3. Nf3 c5 4. d5 exd5 5. cxd5 d6 6. Nc3 g6 7. g3 Bg7 8. Bg2 O-O 9. O-O Re8 10. Bf4 Ne4 11. Nxe4 Rxe4 12. Nd2 Rxf4 13. gxf4 Bxb2 14. Rb1 Bg7 15. e4 b5 16. e5 Nd7 17. e6 Nf6 18. Re1 a6 19. f5 gxf5 20. Qf3 Ra7 21. Qxf5 fxe6 22. dxe6 Qe8 23. Ne4 Nxe4 24. Bxe4 Qg6+ 25. Qxg6 hxg6 26. Bxg6 Kf8 27. Rb3 Be5 28. Rf3+ Kg7 29. Rf7+ Rxf7 30. Bxf7 Kf6 31. e7 Kxe7 32. f4 Kxf7 33. fxe5 d5 34. h4 c4 35. h5 d4 36. h6 d3 37. e6+ Bxe6 38. h7 Kg7 39. Kf2 d2 40. Rh1 Kh8 41. Ke3 c3 42. Kd3 Bg4 43. Kxc3 d1=Q 44. Rxd1 Bxd1 45. Kb4 Ba4 46. Ka5 Kxh7 47. Kxa6 Kh6 48. Ka5 Kg5 49. Kb4 Kf4 50. a3 Ke3 0-1


[Site "https://www.chess.com"]

[Event "Titled Tuesday Blitz February 22 Early 2022"]
[White "Maltsevskaya, Aleksandra"]
[Black "Faizrakhmanov, Ramil"]
[WhiteFideId "24174041"]
[BlackFideId "24103209"]
[WhiteElo "2580"]
[BlackElo "2780"]
[Result "0-1"]
[Round "08"]
[TimeControl "180+1"]
[Date "2022.02.22"]
[WhiteClock "0:00:03"]
[BlackClock "0:00:08"]

1. e4 c5 2. Nf3 d6 3. d4 cxd4 4. Nxd4 Nf6 5. Nc3 a6 6. g3 e6 7. Bg2 Be7 8. O-O O-O 9. Re1 Qc7 10. Be3 Nc6 11. Na4 Nxd4 12. Bxd4 Nd7 13. b3 b5 14. Nb2 Bb7 15. c4 Bf6 16. Rc1 Bxd4 17. Qxd4 Rfc8 18. Red1 Nf6 19. h3 Qa5 20. Qxd6 Qxa2 21. e5 Bxg2 22. exf6 Bf3 23. Qe5 gxf6 24. Qxf6 Bxd1 25. Rxd1 Rc5 26. Rd4 Qb1+ 27. Kg2 h5 28. Rd7 Qf5 29. Qxf5 Rxf5 30. Nd3 bxc4 31. bxc4 a5 32. Rb7 a4 33. c5 a3 34. c6 a2 35. c7 a1=Q 36. Rb8+ Kg7 37. c8=Q Rxb8 38. Qxb8 Qd4 39. Nf4 e5 40. Qc8 Qe4+ 41. Kg1 exf4 42. g4 hxg4 43. hxg4 Rg5 44. Qc3+ Qe5 0-1


[Site "https://www.chess.com"]

[Event "Titled Tuesday Blitz February 22 Early 2022"]
[White "Mangialardo, Tiago Carvalho"]
[Black "Dzhaparov, Medet"]
[WhiteFideId "2130718"]
[BlackFideId "13803689"]
[WhiteElo "2127"]
[BlackElo "1702"]
[Result "0-1"]
[Round "08"]
[TimeControl "180+1"]
[Date "2022.02.22"]
[WhiteClock "0:00:01"]
[BlackClock "0:00:19"]

1. Nf3 Nf6 2. b3 g6 3. Bb2 Bg7 4. e3 d5 5. Be2 O-O 6. O-O Nc6 7. d4 Re8 8. c4 Bg4 9. Nbd2 Qd6 10. a3 Ne4 11. Qc2 Nxd2 12. Qxd2 Bh5 13. h3 Bxf3 14. Bxf3 dxc4 15. bxc4 e5 16. d5 Ne7 17. e4 f5 18. Rfe1 f4 19. a4 b6 20. Ba3 Qf6 21. Bg4 h5 22. Be6+ Kh8 23. Qc2 f3 24. Re3 fxg2 25. Rg3 Bh6 26. c5 Bf4 27. Rf3 bxc5 28. Bxc5 c6 29. Kxg2 cxd5 30. Bxd5 Nxd5 31. exd5 e4 32. Rc3 Qg5+ 33. Kh1 Qxd5 34. Raa3 e3+ 35. Kg1 e2 0-1


[Site "https://www.chess.com"]

[Event "Titled Tuesday Blitz February 22 Early 2022"]
[White "Manukian, Artak"]
[Black "Dwilewicz, Katarzyna"]
[WhiteFideId "13301373"]
[BlackFideId "1148486"]
[WhiteElo "2490"]
[BlackElo "1907"]
[Result "1-0"]
[Round "08"]
[TimeControl "180+1"]
[Date "2022.02.22"]
[WhiteClock "0:00:38"]
[BlackClock "0:00:01"]

1. e4 e5 2. Nf3 Nc6 3. d4 exd4 4. Nxd4 Nf6 5. Nxc6 bxc6 6. e5 Qe7 7. Qe2 Nd5 8. c4 Nb6 9. b3 Bb7 10. Bb2 O-O-O 11. Nc3 g6 12. O-O-O Bg7 13. f4 Rde8 14. Ne4 d5 15. Qg4+ Qe6 16. Qxe6+ fxe6 17. Nc5 Rhf8 18. g3 Nd7 19. Nxd7 Kxd7 20. h4 Kc8 21. h5 gxh5 22. Rxh5 h6 23. c5 Rf5 24. Rxf5 exf5 25. Bd3 Rf8 26. Rh1 Kd8 27. Kd2 Ke7 28. Ke3 Bc8 29. b4 Be6 30. a3 Rb8 31. Bc3 Rg8 32. Kf2 Rd8 33. Rh5 Rf8 34. Bd4 Rf7 35. a4 Kd7 36. b5 cxb5 37. axb5 c6 38. b6 axb6 39. cxb6 Kc8 40. Ba6+ Kb8 41. Bc5 Bf8 42. Bxf8 Rxf8 43. Rxh6 Bd7 44. Rd6 Be8 45. Rd8# 1-0


[Site "https://www.chess.com"]

[Event "Titled Tuesday Blitz February 22 Early 2022"]
[White "Martin, Lewis"]
[Black "Kadam, Om Manish"]
[WhiteFideId "410551"]
[BlackFideId "45076294"]
[WhiteElo "2145"]
[BlackElo "1729"]
[Result "0-1"]
[Round "08"]
[TimeControl "180+1"]
[Date "2022.02.22"]
[WhiteClock "0:01:35"]
[BlackClock "0:01:16"]

1. e4 c5 2. Nf3 d6 3. d4 cxd4 4. Nxd4 Nf6 5. Nc3 a6 6. Bg5 e6 7. f4 Nbd7 8. Qf3 Qc7 9. O-O-O Be7 10. Bd3 h6 11. Bh4 b5 12. Rhe1 Bb7 13. Bf2 b4 14. Nce2 Nc5 15. Ng3 Rc8 16. Kb1 O-O 17. Nh5 Nxh5 18. Qxh5 Bf6 19. e5 dxe5 20. fxe5 Be7 21. Re3 Rfd8 22. Rg3 Nxd3 23. Qxh6 Bf8 0-1


[Site "https://www.chess.com"]

[Event "Titled Tuesday Blitz February 22 Early 2022"]
[White "Martirosyan, Haik M."]
[Black "Murzin, Volodar"]
[WhiteFideId "13306553"]
[BlackFideId "44155573"]
[WhiteElo "2735"]
[BlackElo "2585"]
[Result "1-0"]
[Round "08"]
[TimeControl "180+1"]
[Date "2022.02.22"]
[WhiteClock "0:02:23"]
[BlackClock "0:00:01"]

1. e4 c6 2. Nf3 d5 3. Nc3 Bg4 4. h3 Bxf3 5. Qxf3 e6 6. g3 g6 7. Bg2 Bg7 8. O-O Ne7 9. d3 O-O 10. Qe2 d4 11. Nb1 c5 12. Nd2 Nbc6 13. f4 f5 14. Nf3 h6 15. Bd2 Qd7 16. Rae1 Rae8 17. a3 a5 18. h4 Bf6 19. h5 gxh5 20. e5 Bg7 21. Nh4 Nd5 22. Qxh5 Nce7 23. Kh2 a4 24. g4 fxg4 25. Qxg4 Nf5 26. Nxf5 exf5 27. Qf3 Nc7 28. Rg1 Re6 29. Bh3 Kh8 30. Re2 Ne8 31. Reg2 Qf7 32. Qd5 b6 33. Be1 h5 34. Rg5 Bh6 35. Rxf5 Bxf4+ 36. Kh1 Nc7 37. Rxf7 1-0


[Site "https://www.chess.com"]

[Event "Titled Tuesday Blitz February 22 Early 2022"]
[White "Maze, Sebastien"]
[Black "Slugin, Sergey"]
[WhiteFideId "613762"]
[BlackFideId "4122569"]
[WhiteElo "2462"]
[BlackElo "2358"]
[Result "1-0"]
[Round "08"]
[TimeControl "180+1"]
[Date "2022.02.22"]
[WhiteClock "0:01:36"]
[BlackClock "0:00:02"]

1. e4 c5 2. Nf3 e6 3. c4 Nc6 4. Nc3 g6 5. d4 cxd4 6. Nxd4 Bg7 7. Be3 Nge7 8. Ndb5 O-O 9. Be2 f5 10. O-O f4 11. Bc5 b6 12. Ba3 a6 13. Nd6 Nd4 14. Bg4 Rb8 15. Re1 Be5 16. Ne2 Nxe2+ 17. Qxe2 b5 18. cxb5 axb5 19. Bc5 Ba6 20. b4 Nc6 21. Rad1 Kg7 22. a4 Rh8 23. axb5 Bxd6 24. Rxd6 Bxb5 25. Qb2+ Kf7 26. Bxe6+ dxe6 27. Rxd8 Rhxd8 28. e5 Rd5 29. h4 Rbd8 30. Qc1 Rd2 31. Kh2 h6 32. Bd6 Rxf2 33. Qc5 f3 34. Qxf2 1-0


[Site "https://www.chess.com"]

[Event "Titled Tuesday Blitz February 22 Early 2022"]
[White "Mejia, Cherry Ann"]
[Black "Baches Garcia, Guillermo"]
[WhiteFideId "5206880"]
[BlackFideId "2209764"]
[WhiteElo "2007"]
[BlackElo "2401"]
[Result "1-0"]
[Round "08"]
[TimeControl "180+1"]
[Date "2022.02.22"]
[WhiteClock "0:01:57"]
[BlackClock "0:00:56"]

1. e4 c5 2. Nc3 d6 3. g3 Nc6 4. Bg2 g6 5. d3 Bg7 6. Nge2 e6 7. Be3 Nge7 8. Qd2 Rb8 9. Bh6 Bxh6 10. Qxh6 b5 11. O-O b4 12. Nd1 Qa5 13. Ne3 e5 14. f4 exf4 15. Qxf4 Ne5 16. Nc4 Nxc4 17. Qxf7+ Kd8 18. dxc4 Qc7 19. Rad1 Rb6 20. Nf4 Bd7 21. Qf6 Bc6 22. Ne6+ 1-0


[Site "https://www.chess.com"]

[Event "Titled Tuesday Blitz February 22 Early 2022"]
[White "Mekhitarian, Krikor Sevag"]
[Black "Hakemi, Arman"]
[WhiteFideId "2107660"]
[BlackFideId "22520805"]
[WhiteElo "2796"]
[BlackElo "2631"]
[Result "1/2-1/2"]
[Round "08"]
[TimeControl "180+1"]
[Date "2022.02.22"]
[WhiteClock "0:00:06"]
[BlackClock "0:00:40"]

1. e4 c5 2. Nf3 e6 3. d4 cxd4 4. Nxd4 Nc6 5. Nc3 Qc7 6. g3 a6 7. Bg2 Nf6 8. O-O Nxd4 9. Qxd4 Bc5 10. Bf4 d6 11. Qd3 Ng4 12. Na4 Ne5 13. Bxe5 dxe5 14. Nxc5 Qxc5 15. Rfd1 O-O 16. c3 b5 17. Qd6 Qa7 18. Qxe5 f6 19. Qd4 e5 20. Qxa7 Rxa7 21. Rd6 Rd7 22. Rad1 Rfd8 23. Rxd7 Rxd7 24. Rxd7 Bxd7 25. f4 Kf8 26. Kf2 Ke7 27. Bf1 Kd6 28. a4 bxa4 29. Bxa6 Be6 30. Bb5 Bb3 31. Ke3 g5 32. fxg5 fxg5 33. Bd3 Kc5 34. Kd2 Be6 35. Bc2 Bd7 36. Bb1 Bc6 37. Ke3 Bd7 38. Ba2 Bb5 39. h4 h6 40. hxg5 hxg5 41. Be6 Be8 42. Bg4 Kc4 43. Bd1 Kc5 44. Kd3 Bb5+ 45. Kd2 Be8 46. Bc2 Bc6 47. Bd3 Be8 48. Kc2 Bc6 49. Kb1 Bd7 50. Ka2 Be6+ 51. Ka3 Bb3 52. Be2 Bc2 53. Bf3 Kb5 54. Be2+ Kc5 55. Bf3 Kc4 56. Be2+ Kc5 1/2-1/2


[Site "https://www.chess.com"]

[Event "Titled Tuesday Blitz February 22 Early 2022"]
[White "Mikhalsky, Vladimir"]
[Black "Araujo Filho, Luiz Antonio Coel"]
[WhiteFideId "14144352"]
[BlackFideId "2130661"]
[WhiteElo "2248"]
[BlackElo "2209"]
[Result "1-0"]
[Round "08"]
[TimeControl "180+1"]
[Date "2022.02.22"]
[WhiteClock "0:02:00"]
[BlackClock "0:00:33"]

1. c4 f5 2. b3 Nf6 3. Bb2 g6 4. Bxf6 exf6 5. Nc3 Bg7 6. h4 c6 7. h5 d5 8. cxd5 cxd5 9. d4 Nc6 10. e3 Kf7 11. Nxd5 Be6 12. Nf4 Bf8 13. d5 Qa5+ 14. Ke2 Qb5+ 15. Kf3 Ne5+ 16. Kg3 Qb4 17. dxe6+ 1-0


[Site "https://www.chess.com"]

[Event "Titled Tuesday Blitz February 22 Early 2022"]
[White "Mirzanurov, Bulat"]
[Black "Sviridova, Vlada"]
[WhiteFideId "4184521"]
[BlackFideId "24109606"]
[WhiteElo "2116"]
[BlackElo "2101"]
[Result "0-1"]
[Round "08"]
[TimeControl "180+1"]
[Date "2022.02.22"]
[WhiteClock "0:01:48"]
[BlackClock "0:02:40"]

1. e4 e6 2. d4 d5 3. Nc3 Bb4 4. e5 c5 5. a3 Bxc3+ 6. bxc3 Ne7 7. Qg4 O-O 8. Bd3 Nbc6 9. Bh6 Ng6 10. Bxg6 fxg6 11. Bg5 Qa5 12. Bd2 Qa4 13. Ra2 cxd4 14. Nf3 Qc4 15. Ra1 dxc3 16. Qf4 0-1


[Site "https://www.chess.com"]

[Event "Titled Tuesday Blitz February 22 Early 2022"]
[White "Mohammadian, Mohammad"]
[Black "Maevsky, Nikolay"]
[WhiteFideId "12566055"]
[BlackFideId "4198220"]
[WhiteElo "1543"]
[BlackElo "2104"]
[Result "0-1"]
[Round "08"]
[TimeControl "180+1"]
[Date "2022.02.22"]
[WhiteClock "0:00:02"]
[BlackClock "0:01:44"]

1. e4 d5 2. exd5 Qxd5 3. Nc3 Qa5 4. Nf3 Nf6 5. d4 c6 6. Bd2 Qc7 7. Be2 Bf5 8. O-O Nbd7 9. Re1 e6 10. Bg5 Be7 11. Bh4 O-O 12. Bg3 Qa5 13. a3 Nd5 14. Nxd5 cxd5 15. b4 Qb6 16. c3 Rac8 17. Rc1 Nf6 18. Ne5 Rfd8 19. Bf4 Ne4 20. Bd2 Nd6 21. Bg4 Bf6 22. Bxf5 Nxf5 23. h3 Nd6 24. Qf3 Ne4 25. Be3 Rxc3 26. Rxc3 Nxc3 27. Rc1 Ne4 28. Qe2 Be7 29. f3 Nd6 30. Qf2 Bf6 31. Qg3 Nf5 32. Qf2 Bxe5 33. dxe5 Qxe3 34. Qxe3 Nxe3 35. Rc7 Rb8 36. Rd7 Nc4 37. a4 Nxe5 38. Rc7 a6 39. b5 axb5 40. axb5 g5 41. Kf2 Kg7 42. Ke3 Kf6 43. Kd4 b6 44. Ra7 Rc8 45. Ke3 Rc3+ 46. Kf2 Rb3 47. g3 Rxf3+ 48. Kg2 Rb3 49. Kf2 Rxb5 50. h4 gxh4 51. gxh4 Rb4 52. h5 h6 53. Ra8 Rh4 54. Rb8 Nc4 55. Ke2 Rxh5 56. Kd3 Ke5 57. Rf8 Rh3+ 58. Kc2 f5 59. Rg8 d4 0-1


[Site "https://www.chess.com"]

[Event "Titled Tuesday Blitz February 22 Early 2022"]
[White "Moroni, Luca Jr"]
[Black "Samunenkov, Ihor"]
[WhiteFideId "865834"]
[BlackFideId "14187086"]
[WhiteElo "2573"]
[BlackElo "2406"]
[Result "1-0"]
[Round "08"]
[TimeControl "180+1"]
[Date "2022.02.22"]
[WhiteClock "0:01:04"]
[BlackClock "0:00:05"]

1. d4 d5 2. Bf4 Nf6 3. e3 e6 4. Nf3 Bd6 5. Nbd2 O-O 6. Bd3 b6 7. Qe2 c5 8. c3 Nc6 9. Ne5 Bb7 10. O-O Ne7 11. Qf3 Qc7 12. Qh3 Ng6 13. Nxg6 hxg6 14. Bxd6 Qxd6 15. Nf3 Rfe8 16. Rad1 Qe7 17. Ne5 Rad8 18. f4 Ne4 19. Bxe4 dxe4 20. Rd2 cxd4 21. cxd4 Bd5 22. g4 Rc8 23. Rg2 g5 24. fxg5 Rf8 25. Qh5 g6 26. Qh6 Rfd8 27. Rxf7 Rc1+ 28. Kf2 Rf8 29. Qg7# 1-0


[Site "https://www.chess.com"]

[Event "Titled Tuesday Blitz February 22 Early 2022"]
[White "Muradov, Soltan"]
[Black "Richter, Nils"]
[WhiteFideId "14002108"]
[BlackFideId "12990809"]
[WhiteElo "1854"]
[BlackElo "2289"]
[Result "1-0"]
[Round "08"]
[TimeControl "180+1"]
[Date "2022.02.22"]
[WhiteClock "0:00:16"]
[BlackClock "0:00:19"]

1. e4 e5 2. f4 d6 3. Nf3 exf4 4. d4 g5 5. Nc3 h6 6. Bc4 Bg7 7. O-O Ne7 8. h4 g4 9. Bxf4 gxf3 10. Qxf3 O-O 11. h5 Be6 12. Bd3 Nbc6 13. d5 Ne5 14. Qg3 Kh7 15. dxe6 fxe6 16. Rf2 Nxd3 17. cxd3 Bd4 18. Be3 Rg8 19. Rf7+ Rg7 20. Rxg7+ Bxg7 21. Rf1 Qg8 22. d4 Rf8 23. Rxf8 Qxf8 24. Ne2 Qf7 25. Nf4 Bf6 26. d5 exd5 27. exd5 Bg5 28. Ne6 Nxd5 29. Nxg5+ hxg5 30. Qxg5 Nxe3 31. Qxe3 Qxh5 32. Qe7+ Kg6 33. Qxc7 Qd1+ 34. Kh2 Qh5+ 35. Kg1 Qd5 36. Qc2+ Kg7 37. Qc3+ Kf7 38. Qb3 Qxb3 39. axb3 Ke6 40. Kf2 Ke5 41. Ke3 b5 42. b4 a6 43. g3 Kf5 44. Kd4 Kg4 45. Kd5 Kxg3 46. Kxd6 Kf4 47. Kc6 Ke4 48. Kb6 Kd4 49. Kxa6 Kc4 50. Ka5 Kb3 51. Kxb5 Kxb2 52. Kc5 Kb3 53. b5 Ka4 54. b6 Ka5 55. b7 Ka6 56. b8=Q Ka5 57. Qa8# 1-0


[Site "https://www.chess.com"]

[Event "Titled Tuesday Blitz February 22 Early 2022"]
[White "Murthy, Pappu"]
[Black "Van den Dikkenberg, Erik"]
[WhiteFideId "2013401"]
[BlackFideId "1005880"]
[WhiteElo "1929"]
[BlackElo "2118"]
[Result "0-1"]
[Round "08"]
[TimeControl "180+1"]
[Date "2022.02.22"]
[WhiteClock "0:00:28"]
[BlackClock "0:00:33"]

1. c4 e5 2. Nc3 Nc6 3. g3 f5 4. Bg2 Nf6 5. d3 Bb4 6. e4 Bxc3+ 7. bxc3 d6 8. Ne2 fxe4 9. dxe4 O-O 10. O-O Kh8 11. f3 Qe8 12. Be3 b6 13. Qd2 Na5 14. Qd3 Ba6 15. Rfe1 Bxc4 16. Qd2 Qf7 17. Nc1 Be6 18. Bf1 Nc4 19. Bxc4 Bxc4 20. Kg2 Nd7 21. Qf2 d5 22. Nb3 c5 23. Nd2 Bd3 24. exd5 Qxd5 25. c4 Bxc4 26. Nxc4 Qxc4 27. Rad1 Nf6 28. Rd2 Nd5 29. Red1 Nxe3+ 30. Qxe3 Rae8 31. h4 e4 32. f4 Qe6 33. a3 Qg4 34. Rd5 c4 35. Rf1 Qe6 36. Re5 Qc6 37. Rxe8 Rxe8 38. f5 c3 39. f6 gxf6 40. Qh6 e3+ 41. Kh3 Qe6+ 42. Kh2 e2 43. Rxf6 e1=Q 44. Rxe6 Qxe6 45. Qf4 c2 46. Qd4+ Qe5 47. Qd2 Qe2+ 0-1


[Site "https://www.chess.com"]

[Event "Titled Tuesday Blitz February 22 Early 2022"]
[White "Necula, Iulian"]
[Black "Fakhretdinova, Margarita"]
[WhiteFideId "1232380"]
[BlackFideId "24103667"]
[WhiteElo "1776"]
[BlackElo "2204"]
[Result "0-1"]
[Round "08"]
[TimeControl "180+1"]
[Date "2022.02.22"]
[WhiteClock "0:00:20"]
[BlackClock "0:00:08"]

1. b4 c6 2. Bb2 d6 3. e3 e5 4. Nf3 Nd7 5. Be2 Ngf6 6. O-O Be7 7. d4 e4 8. Nfd2 O-O 9. f3 exf3 10. Bxf3 d5 11. a3 Bd6 12. c4 dxc4 13. Nxc4 Bc7 14. Nbd2 Re8 15. e4 Nb6 16. Ne5 Nbd7 17. Ndc4 Nb6 18. Nxb6 axb6 19. Qb3 Bxe5 20. dxe5 Be6 21. Qe3 Nd7 22. Rad1 Qh4 23. g3 Qe7 24. Rd2 Nf8 25. Rfd1 Qc7 26. Rd6 Nd7 27. R1d2 b5 28. Bg2 Nb6 29. Bf1 Bc4 30. Bd4 Nc8 31. Bxc4 bxc4 32. Bc5 Nxd6 33. exd6 Qd7 34. e5 Re6 35. Bd4 Rae8 36. Qc3 b5 37. a4 Qb7 38. Rf2 f6 39. axb5 cxb5 40. exf6 Re1+ 41. Rf1 Rxf1+ 42. Kxf1 Qh1+ 43. Kf2 Qxh2+ 44. Kf3 Qh1+ 45. Kg4 Re4+ 46. Kf5 g6+ 47. Kg5 Qh5# 0-1


[Site "https://www.chess.com"]

[Event "Titled Tuesday Blitz February 22 Early 2022"]
[White "Neiksans, Arturs"]
[Black "Mohammad Fahad, Rahman"]
[WhiteFideId "11601388"]
[BlackFideId "10207791"]
[WhiteElo "2447"]
[BlackElo "2323"]
[Result "0-1"]
[Round "08"]
[TimeControl "180+1"]
[Date "2022.02.22"]
[WhiteClock "0:00:21"]
[BlackClock "0:00:04"]

1. e4 e5 2. Nf3 Nc6 3. Bb5 a6 4. Ba4 Nf6 5. O-O Be7 6. d3 b5 7. Bb3 O-O 8. Nc3 d6 9. a3 Bg4 10. Be3 Nd4 11. Bxd4 exd4 12. Nd5 Nxd5 13. Bxd5 Rc8 14. h3 Bxf3 15. Qxf3 c6 16. Ba2 Bf6 17. Qg4 d5 18. Rae1 dxe4 19. Rxe4 c5 20. Qe2 Qc7 21. Re1 c4 22. g3 h6 23. h4 Rfd8 24. Qf3 Qc6 25. Kh2 Kf8 26. Qf5 g6 27. Qf4 Kg7 28. h5 g5 29. Qf3 Qd6 30. R1e2 a5 31. a4 cxd3 32. cxd3 bxa4 33. Re7 Rf8 34. R2e6 Qxe7 35. Rxe7 Bxe7 36. Qf5 Bf6 37. Bd5 Rc2 38. Be4 Rh8 39. Qxa5 Rxf2+ 40. Kh3 Rxb2 41. Qxa4 Rbb8 42. Qa5 Rbd8 43. Qc7 Rhf8 44. Qc5 Rde8 45. Qf5 Rh8 46. Qd7 Re7 47. Qd5 Rhe8 48. Qf5 Rh8 49. Kg2 Re5 50. Qd7 Rd8 51. Qc7 Rxe4 52. dxe4 d3 53. Qc1 d2 54. Qd1 Bb2 55. Kf3 Bc3 56. Ke2 g4 57. Ke3 Kf8 58. Kf4 Bf6 59. Kxg4 Bg5 60. e5 Kg8 61. Kf5 Rc8 62. e6 fxe6+ 63. Kg6 Rf8 0-1


[Site "https://www.chess.com"]

[Event "Titled Tuesday Blitz February 22 Early 2022"]
[White "Nosacheva, Mariya"]
[Black "Butti, Enrique"]
[WhiteFideId "34111422"]
[BlackFideId "3700470"]
[WhiteElo "2055"]
[BlackElo "2080"]
[Result "1-0"]
[Round "08"]
[TimeControl "180+1"]
[Date "2022.02.22"]
[WhiteClock "0:01:00"]
[BlackClock "0:00:35"]

1. e4 c5 2. Nf3 d6 3. d4 cxd4 4. Nxd4 Nf6 5. Nc3 a6 6. g3 e5 7. Nb3 b5 8. a4 b4 9. Nd5 Bb7 10. Bg5 Nbd7 11. Bg2 Bxd5 12. exd5 Be7 13. Be3 O-O 14. a5 Ne8 15. O-O Bg5 16. f4 exf4 17. Bxf4 Bxf4 18. Rxf4 Ne5 19. Rxb4 Qg5 20. Qd2 Qh5 21. Qd1 Qg5 22. Nd4 Ng4 23. Qf3 Nef6 24. Nf5 Rad8 25. Qf4 Qh5 26. h3 Ne5 27. g4 Nfxg4 28. hxg4 1-0


[Site "https://www.chess.com"]

[Event "Titled Tuesday Blitz February 22 Early 2022"]
[White "Obolenskikh, Dmitry"]
[Black "Pajeken, Jakob Leon"]
[WhiteFideId "4156013"]
[BlackFideId "12942839"]
[WhiteElo "2512"]
[BlackElo "2351"]
[Result "1/2-1/2"]
[Round "08"]
[TimeControl "180+1"]
[Date "2022.02.22"]
[WhiteClock "0:00:20"]
[BlackClock "0:01:02"]

1. Nf3 d5 2. e3 Nf6 3. c4 e6 4. b3 Bd6 5. Bb2 O-O 6. cxd5 exd5 7. d4 c6 8. Bd3 Ne4 9. O-O Bf5 10. Ba3 Bxa3 11. Nxa3 Qf6 12. Ne5 Nd7 13. Nxd7 Bxd7 14. Bxe4 dxe4 15. Nc4 Be6 16. Qc2 Bd5 17. b4 Qg5 18. Nd6 Qe7 19. Nf5 Qe6 20. Ng3 f5 21. Ne2 g5 22. Nc3 f4 23. Nxd5 cxd5 24. Rfc1 f3 25. Qc7 fxg2 26. Qxb7 Rab8 27. Qxa7 Rxb4 28. Rc2 Rfb8 29. Qc7 Rb1+ 30. Rxb1 Rxb1+ 31. Rc1 Rxc1+ 32. Qxc1 Qa6 33. Qb1 Qe2 34. Qb8+ Kf7 35. Qc7+ Kg6 36. Qd6+ Kh5 37. Kxg2 Qf3+ 38. Kg1 Qd1+ 39. Kg2 Qf3+ 40. Kg1 Qd1+ 41. Kg2 Qf3+ 1/2-1/2


[Site "https://www.chess.com"]